 Dungeon Crawl Stone Soup version 0.26.1-11-gd32895ea62 (webtiles) character file.

Game seed: 5929693068597307616

506 infcreate the Slasher (level 7, 55/55 HPs)
             Began as a Human Berserker on May 20, 2021.
             Was a Priest of Trog.
             Quit the game on level 4 of the Dungeon.
             The game lasted 00:16:10 (4214 turns).

infcreate the Slasher (Human Berserker)             Turns: 4214, Time: 00:16:11

Health: 55/55      AC: 13    Str: 19    XL:     7   Next: 41%
Magic:  7/7        EV: 14    Int:  8    God:    Trog [***...]
Gold:   112        SH:  0    Dex: 18    Spells: 6/6 levels left

rFire    . . .     SeeInvis .   a - +1 falchion
rCold    . . .     Faith    .   (no shield)
rNeg     . . .     Spirit   .   v - +0 chain mail
rPois    .         Reflect  .   i - +0 helmet
rElec    .         Harm     .   (no cloak)
rCorr    .         Rampage  .   s - +0 pair of gloves
Will     .....                  t - +0 pair of boots
Stlth    ..........             (no amulet)
HPRegen  0.18/turn              D - +6 ring of dexterity
MPRegen  0.10/turn              E - +4 ring of evasion (curse)

@: no status effects
A: no striking features
a: Renounce Religion, Berserk, Trog's Hand


You were on level 4 of the Dungeon.
You worshipped Trog.
Trog was most pleased with you.
You visited 1 branch of the dungeon, and saw 4 of its levels.

You collected 112 gold pieces.


   Skills:
 + Level 4.6 Fighting
 + Level 4.7 Long Blades
 + Level 4.1 Armour
 + Level 4.1 Dodging


You had 6 spell levels left.
You didn't know any spells.
Your spell library was empty.

Inventory:

Hand Weapons
 a - a +1 falchion (weapon)
Missiles
 d - 37 bolts
Armour
 e - the +4 ring mail of the Untouchables {Harm, unknown}
   (You found it on level 4 of the Dungeon)

   It increases damage dealt and taken.
 i - a +0 helmet (worn)
 s - a +0 pair of gloves (worn)
 t - a +0 pair of boots (worn)
 v - a +0 chain mail (worn)
Jewellery
 g - an uncursed ring of flight {unknown}
 D - a +6 ring of dexterity (left hand)
 E - a cursed +4 ring of evasion (right hand)
Scrolls
 b - a scroll of remove curse {unknown}
 h - a scroll of fear {unknown}
 p - a scroll of immolation {unknown}
 q - a scroll of teleportation {@r4}
 r - a scroll of identify {@r1}
Potions
 c - a potion of berserk rage {unknown}
 f - a potion of heal wounds {@q2}
 j - a potion of brilliance {unknown}
 k - a potion of mutation {unknown}
 l - a potion of magic {unknown}
 m - 2 potions of haste {@q3}
 n - a potion of ambrosia {unknown}
 o - a potion of might {unknown}

Dungeon Overview and Level Annotations

Branches:
Dungeon (4/15)
 Temple: D:4-7

Altars:
Elyvilon
Hepliaklqana
Qazlal

## ####### ###..
#.....######## ...
#.....#......####.#
#.....†>........@.#
......#...>..######
#.....#...(.......
#.....#......#####
#.......#...##
#......#...##
####..##.###
....... ####.##.#


There were no monsters in sight!


Message History

You see here a +0 short sword.
Things that are here:
a +0 dagger; a +0 robe You start resting.
HP restored.
Found a scroll of identify.
Found a stone staircase leading down.
An iguana comes into view.
The iguana hisses angrily.
Found 27 stones.
Found a stone staircase leading down.
r - a scroll of identify {@r1} You hit the iguana but do no damage.
The iguana bites you but does no damage.
You hit the iguana.
The iguana is lightly wounded.
The iguana barely misses you.
You hit the iguana.
The iguana is lightly wounded.
The iguana barely misses you.
You riposte.
You hit the iguana.
The iguana is moderately wounded.
The iguana bites you but does no damage.
You slash the iguana!
You kill the iguana!
Trog accepts your kill.
You see here an iguana corpse.
Okay, then.
Okay, then.
There is a stone staircase leading down here.
There is a stone staircase leading down here.
Are you sure you want to abandon this character and quit the game? (Confirm with "yes".)

Skill      XL: |  1  2  3  4  5  6  7 |
---------------+----------------------+-----
Armour         | 3 4 |  4.1
Dodging        | 3 4 |  4.1
Fighting       | 4 |  4.6
Long Blades    | 4 |  4.7

Action                   |  1- 3 |  4- 6 |  7- 9 || total
-------------------------+-------+-------+-------++-------
Melee: Falchion          |    63 |   204 |    42 ||   309
Invok: Berserk           |     1 |     2 |     1 ||     4
       Trog's Hand       |       |       |     1 ||     1
  Use: Scroll            |     1 |     4 |     1 ||     6
       Potion            |       |       |     1 ||     1
 Stab: Sleeping          |     1 |       |       ||     1
Armor: Scale mail        |    11 |    65 |       ||    76
       Animal skin       |     2 |       |       ||     2
       Chain mail        |       |     9 |    45 ||    54
Dodge: Dodged            |    36 |    99 |    21 ||   156
       Rpst.: Falchion   |    12 |    28 |     4 ||    44

Levels and vault maps discovered:
D:1:      nagdon_arrival_double_spiral, layout_basic, st_stairs_3,
          minmay_pentomino_o2
D:2:      layout_loops_ring, uniq_robin
D:3:      layout_basic, nzn_hepliaklqana_mist_gate, old_standard_altar
D:4:      layout_rooms, lemuel_doored_altar

Notes
Turn   | Place    | Note
-------+----------+-------------------------------------------
     0 | D:1      | infcreate the Human Berserker began the quest for the Orb.
     0 | D:1      | Reached XP level 1. HP: 18/18 MP: 1/1
   612 | D:1      | Reached XP level 2. HP: 24/24 MP: 2/2
  1014 | D:2      | Noticed Robin
  1037 | D:2      | Reached XP level 3. HP: 26/29 MP: 3/3
  1051 | D:2      | Reached ** piety under Trog
  1208 | D:2      | Killed Robin
  1227 | D:2      | Reached XP level 4. HP: 23/35 MP: 4/4
  1932 | D:3      | Noticed a bullfrog
  2008 | D:3      | Found a stormy altar of Qazlal.
  2090 | D:3      | Reached skill level 3 in Armour
  2090 | D:3      | Reached skill level 3 in Dodging
  2090 | D:3      | Reached XP level 5. HP: 39/42 MP: 5/5
  2376 | D:3      | Killed a bullfrog
  2377 | D:3      | Reached skill level 4 in Fighting
  2377 | D:3      | Reached skill level 4 in Long Blades
  2377 | D:3      | Reached XP level 6. HP: 48/48 MP: 6/6
  2849 | D:3      | Reached *** piety under Trog
  3210 | D:3      | Found a hazy altar of Hepliaklqana.
  3443 | D:4      | Found a white marble altar of Elyvilon.
  3761 | D:4      | Got a pair of masterwork gloves
  3774 | D:4      | Identified the +2 pair of gloves "Puag" {Harm rF+ Str-4}
                  | (You found it on level 4 of the Dungeon)
  3816 | D:4      | Got a bloodstained ring mail
  3830 | D:4      | Reached XP level 7. HP: 47/55 MP: 7/7
  3916 | D:4      | HP: 5/55 [orc priest/divine providence (13)]
  3931 | D:4      | Reached skill level 4 in Armour
  3931 | D:4      | Reached skill level 4 in Dodging
  4214 | D:4      | Quit the game

Vanquished Creatures
  A bullfrog (D:3)
  A centaur zombie (D:3)
  A bullfrog skeleton (D:4)
  2 orc priests (D:4)
  5 orc wizards
  An iguana (D:4)
  A worker ant (D:4)
  A hound skeleton (D:2)
  Robin (D:2)
  An adder (D:3)
  2 oozes (D:3)
  6 worms
  A dart slug (D:1)
  3 leopard geckos (D:3)
  2 orcs (D:3)
  3 ball pythons
  3 bats
  5 giant cockroaches
  10 goblins
  7 hobgoblins
  2 jackals (D:4)
  5 frilled lizards
  9 kobolds
  9 rats
82 creatures vanquished.

Vanquished Creatures (others)
  An orc wizard (D:4)
1 creature vanquished.

Grand Total: 83 creatures vanquished

Table legend: (Time is in decaauts)
 A = Elapsed time spent in this place.
 B = Non-inter-level travel time spent in this place.
 C = Inter-level travel time spent in this place.
 D = Time resting spent in this place.
 E = Time spent auto-exploring this place.
 F = Levels seen in this place.
 G = Mean time per level.
                   A        B        C        D        E       F      G
               +--------+--------+--------+--------+--------+-----+--------+
         Total |   4325 |   4133 |    192 |   1404 |      0 |   4 | 1081.2 |
       Dungeon |   4325 |   4133 |    192 |   1404 |      0 |   4 | 1081.2 |
               +--------+--------+--------+--------+--------+-----+--------+

Top non-repeatable levels by time:
     D:3: 1520 daAuts
     D:1: 1156 daAuts
     D:2: 827 daAuts
     D:4: 819 daAuts

Table legend:
 A = Non-vault XP
 B = Vault XP
 C = Vault XP percentage of total XP
 D = Non-vault monster count
 E = Vault monster count
 F = Vault count percentage of total count
                 A         B        C        D         E       F
            +---------+---------+-------+---------+---------+-------
      Total |     682 |      41 |   5.7 |      68 |      15 |  18.1
            +---------+---------+-------+---------+---------+-------
        D:1 |      14 |      10 |  41.7 |       8 |       6 |  42.9
        D:2 |      41 |      31 |  43.1 |      13 |       9 |  40.9
        D:3 |     352 |       0 |   0.0 |      36 |       0 |   0.0
        D:4 |     275 |       0 |   0.0 |      11 |       0 |   0.0
            +---------+---------+-------+---------+---------+-------
